 Dungeon Crawl Stone Soup version 0.24-a0-59-gc4a3eeb (webtiles) character file.

Game seed: 6508189686532627518

65 CatLikeThief the Skirmisher (level 3, 0/34 HPs)
             Began as a Minotaur Monk on Feb 4, 2019.
             Slain by an iguana (1 damage)
             ... on level 2 of the Dungeon.
             The game lasted 00:07:46 (1507 turns).

CatLikeThief the Skirmisher (Minotaur Monk)         Turns: 1507, Time: 00:07:47

Health: 0/34       AC:  2    Str: 16    XL:     3   Next: 92%
Magic:  2/2        EV: 13    Int:  7    God:
Gold:   76         SH:  0    Dex: 12    Spells: 2/2 levels left

rFire    . . .     SeeInvis .   a - +0 hand axe
rCold    . . .     Gourm    .   (no shield)
rNeg     . . .     Faith    .   b - +0 robe
rPois    .         Spirit   .   (helmet restricted)
rElec    .         Reflect  .   (no cloak)
rCorr    .         Harm     .   (no gloves)
MR       .....                  (no boots)
Stlth    ++........             (no amulet)
HPRegen  0.11/turn              (no ring)
MPRegen  0.08/turn              (no ring)

@: no status effects
A: retaliatory headbutt, horns 2
a: no special abilities


You were on level 2 of the Dungeon.
You were not hungry.

You visited 1 branch of the dungeon, and saw 2 of its levels.

You collected 76 gold pieces.

Inventory:

Hand Weapons
 a - a +0 hand axe (weapon)
 d - a +0 short sword
 e - a cursed -3 dagger
 f - a +0 dagger
 h - a +0 dagger
 j - a +0 short sword
 k - a +0 dagger
 p - a +0 club
 t - a +0 short sword
 u - a +0 falchion
 v - a +0 club
Missiles
 i - 16 bolts
 n - 19 stones (quivered)
Armour
 b - a +0 robe (worn)
 r - a +0 leather armour
 s - a +0 chain mail
Scrolls
 l - a scroll of blinking {unknown}
 m - a scroll of identify {unknown}
 o - a scroll of noise {unknown}
Potions
 g - a potion of heal wounds {unknown}
Comestibles
 c - 3 rations
 q - 2 chunks of flesh


   Skills:
 + Level 4.4 Fighting
 + Level 4.4 Axes
 + Level 3.9 Dodging
 + Level 2.0 Stealth


You had 2 spell levels left.
You didn't know any spells.
Your spell library was empty.

Dungeon Overview and Level Annotations

Branches:
Dungeon (2/15)

Altars:


Innate Abilities, Weirdness & Mutations

You reflexively headbutt those who attack you in melee.
You have a pair of horns on your head.


Message History

You hit the iguana.
The iguana is lightly wounded.
The iguana barely misses you.
You barely miss the iguana.
The iguana is lightly wounded.
The iguana bites you.
You hit the iguana but do no damage.
The iguana is lightly wounded.
The iguana bites you.
You hit the iguana but do no damage.
The iguana is lightly wounded.
The iguana barely misses you.
You hit the iguana but do no damage. Your headbutt misses the iguana.
The iguana is lightly wounded.
The iguana bites you!
* * * LOW HITPOINT WARNING * * *
You hit the iguana.
The iguana is moderately wounded.
The iguana bites you.
You die...

#...#.#
#...#.##
#$.....#
#...... ...[..
#...# #.#
####.l.#.#..
#...@....#.#
#.##.#####.#
#+#.##.#####.#
..>........##.#
....###.##.##.#
.. #.##.##.#
#.......#
#####.### #..#


You could see an iguana.

Vanquished Creatures
  An adder (D:2)
  An ooze (D:1)
  2 worms (D:2)
  2 leopard geckos (D:1)
  4 giant cockroaches (D:1)
  7 goblins
  5 hobgoblins (D:1)
  2 ball pythons (D:1)
  3 bats
  2 frilled lizards (D:1)
  6 kobolds
  6 rats (D:1)
  9 plants (D:1)
50 creatures vanquished.

Notes
Turn   | Place    | Note
-------+----------+-------------------------------------------
     0 | D:1      | CatLikeThief the Minotaur Monk began the quest for the Orb.
     0 | D:1      | Reached XP level 1. HP: 19/19 MP: 0/0
    50 | D:1      | Reached XP level 2. HP: 27/27 MP: 1/1
   256 | D:1      | Reached XP level 3. HP: 19/33 MP: 2/2
  1506 | D:2      | HP: 1/34 [iguana (12)]
  1507 | D:2      | Slain by an iguana

Vault maps used:
D:1:      lightli_arrival_farm, minmay_misc_feat_nine_boxes
D:2:      serial_forest, infiniplex_forest_clump_double,
          infiniplex_forest_lined_corner, infiniplex_forest_clump_double,
          infiniplex_forest_lined_room_2, infiniplex_forest_end_2

Skill      XL: |  1  2  3 |
---------------+----------+-----
Fighting       | 4 |  4.4
Axes           | 4 |  4.4
Stealth        | 2 |  2.0
Dodging        | |  3.9

Action                   || total
-------------------------++-------
Melee: Hand axe          ||   381
       Headbutt          ||   115
  Use: Potion            ||     1
 Stab: Sleeping          ||     2
  Eat: Ration            ||     1
Armor: Robe              ||    13
Dodge: Dodged            ||    58

Table legend:
 A = Non-vault XP
 B = Vault XP
 C = Vault XP percentage of total XP
 D = Non-vault monster count
 E = Vault monster count
 F = Vault count percentage of total count
                 A         B        C        D         E       F
            +---------+---------+-------+---------+---------+-------
      Total |      93 |       0 |   0.0 |      41 |       0 |   0.0
            +---------+---------+-------+---------+---------+-------
        D:1 |      61 |       0 |   0.0 |      34 |       0 |   0.0
        D:2 |      32 |       0 |   0.0 |       7 |       0 |   0.0
            +---------+---------+-------+---------+---------+-------
